 Dungeon Crawl Stone Soup version 0.30-a0-715-gdb4ae3ece1 (webtiles) character file.

Game seed: 6019796267411267751

1582 pokeman the Thaumaturge (level 8, 0/44 HPs)
             Began as a Deep Elf Hedge Wizard on Jan 25, 2023.
             Slain by a wight
             ... wielding a +6 battleaxe of freezing
              (19 damage)
             ... on level 7 of the Dungeon.
             The game lasted 00:11:03 (6194 turns).

pokeman the Thaumaturge (Deep Elf Hedge Wizard)     Turns: 6194, Time: 00:11:03

Health: 0/44       AC:  7    Str:  7    XL:     8   Next: 60%
Magic:  25/32      EV: 13    Int: 22    God:
Gold:   294        SH:  0    Dex: 14    Spells: 12/26 levels left

rFire   + . .      SeeInvis .    q - +8 sling "Muades" {heavy, rF+}
rCold   . . .      Faith    .    (no shield)
rNeg    . . .      Spirit   .    b - +0 robe
rPois   .          Reflect  .    c - +0 hat
rElec   .          Harm     .    E - +2 cloak
rCorr   .          Rampage  .    A - +0 pair of gloves
Will    .....                    p - +0 pair of boots
Stlth   ++                       u - amulet of regeneration
HPRegen 1.07/turn                a - ring of magical power
MPRegen 0.23/turn                (no ring)

@: very slightly contaminated
A: no striking features
a: no special abilities


You were on level 7 of the Dungeon.
You visited 1 branch of the dungeon, and saw 7 of its levels.

You collected 294 gold pieces.

Inventory:

Hand Weapons
 n - a +4 quarterstaff of chaos
 q - the +8 sling "Muades" (weapon) {heavy, rF+}
   (You found it on level 3 of the Dungeon)

   rF:        It protects you from fire.
Missiles
 o - a curare-tipped dart
Armour
 b - a +0 robe (worn)
 c - a +0 hat (worn)
 h - a scarf of repulsion
 p - a +0 pair of boots (worn)
 A - a +0 pair of gloves (worn)
 E - a +2 cloak (worn)
Jewellery
 a - a ring of magical power (left hand)
 u - an amulet of regeneration (around neck)
Wands
 C - a wand of digging (8)
Scrolls
 f - 2 scrolls of enchant weapon {unknown}
 g - a scroll of poison {unknown}
 k - 7 scrolls of identify {unknown}
 l - 2 scrolls of blinking {unknown}
 r - a scroll of immolation {unknown}
 s - 2 scrolls of fog {unknown}
 w - a scroll of fear {unknown}
 y - a scroll of brand weapon {unknown}
 D - a scroll of enchant armour {unknown}
 F - a scroll of acquirement {unknown}
Potions
 d - a potion of magic
 e - a potion of heal wounds {unknown}
 i - 2 potions of curing {unknown}
 j - 2 potions of lignification {unknown}
 m - 2 potions of might {unknown}
 t - a potion of degeneration {unknown}
 v - 2 potions of brilliance {unknown}
 x - 2 potions of haste {unknown}
 z - a potion of ambrosia {unknown}
 B - a potion of mutation {unknown}
 G - a potion of attraction {unknown}


   Skills:
 - Level 2.2 Fighting
 + Level 2.5 Armour
 - Level 3.0 Dodging
 - Level 3.0 Stealth
 * Level 9.9 Spellcasting
 + Level 5.2 Conjurations
 + Level 4.3 Summonings
 - Level 1.1 Translocations
 - Level 1.0 Air Magic
 - Level 1.0 Earth Magic
 - Level 1.2 Poison Magic
 - Level 1.0 Evocations


You had 12 spell levels left.
You knew the following spells:

 Your Spells              Type           Power      Damage    Failure   Level
a - Magic Dart            Conj           100%       1d8       1%          1
b - Mephitic Cloud        Conj/Pois/Air  21%        N/A       7%          3
c - Call Imp              Summ           30%        N/A       1%          2
d - Blink                 Tloc           30%        N/A       6%          2
e - Iron Shot             Conj/Erth      12%        9d3       95%         6

Your spell library contained the following spells:

 Spells                   Type           Power      Damage    Failure   Level
 Momentum Strike          Conj/Tloc      48%        3d9       2%          2
 Slow                     Hex            40%        N/A       6%          1
 Lesser Beckoning         Tloc           30%        N/A       6%          2
 Cigotuvi's Dreadful Rot  Necr/Pois/Air  28%        N/A       7%          2
 Sublimation of Blood     Necr           10%        N/A       10%         2
 Animate Armour           Summ/Erth      44%        N/A       21%         4
 Summon Ice Beast         Ice/Summ       20%        N/A       24%         4
 Petrify                  Tmut/Erth      13%        N/A       43%         4
 Irradiate                Conj/Tmut      11%        3d15      50%         5
 Summon Mana Viper        Hex/Summ       20%        N/A       56%         5
 Blade Hands              Tmut           5%         N/A       86%         5
 Monstrous Menagerie      Summ           15%        N/A       100%        7


Dungeon Overview and Level Annotations

Branches:
Dungeon (7/15)
 Temple: D:4-7

Altars:
Cheibriados
Fedhas
Gozag
Kikubaaqudgha
Makhleb
Qazlal
Ru
Trog
Uskayaw
Wu Jian


Message History

Confirm with . or Enter, or press ? or * to list all spells.
Aiming: Magic Dart (safe; 1% risk of failure)
Press: ? - help, Shift-Dir - straight line, f/p - wight
Aim: a wight, wielding a +6 battleaxe of freezing and wearing a +0 robe (severely damaged, ally target, 100% to hit)
The magic dart hits the wight.
The wight is severely damaged.
The wight closely misses you.
The goblin throws a boomerang.
The boomerang misses your crimson imp.
The boomerang hits the wight but does no damage.
Casting: Magic Dart (safe; 1% risk of failure)
Confirm with . or Enter, or press ? or * to list all spells.
Aiming: Magic Dart (safe; 1% risk of failure)
Press: ? - help, Shift-Dir - straight line, f/p - wight
Aim: a wight, wielding a +6 battleaxe of freezing and wearing a +0 robe (severely damaged, ally target, 100% to hit)
The magic dart hits the wight.
The wight is almost destroyed.
The wight hits you with a +6 battleaxe of freezing.
The wight freezes you.
The wight hits your crimson imp with a +6 battleaxe of freezing!
The wight freezes your crimson imp.
Your crimson imp dies!
Your crimson imp disappears in a puff of smoke!
Casting: Magic Dart (safe; 1% risk of failure)
Confirm with . or Enter, or press ? or * to list all spells.
Aiming: Magic Dart (safe; 1% risk of failure)
Press: ? - help, Shift-Dir - straight line, f/p - wight
Aim: a wight, wielding a +6 battleaxe of freezing and wearing a +0 robe (almost destroyed, 100% to hit)
The magic dart hits the wight.
The wight is almost destroyed.
The wight hits you with a +6 battleaxe of freezing!
The wight freezes you.
Casting: Magic Dart (safe; 1% risk of failure)
Confirm with . or Enter, or press ? or * to list all spells.
Aiming: Magic Dart (safe; 1% risk of failure)
Press: ? - help, Shift-Dir - straight line, f/p - wight
Aim: a wight, wielding a +6 battleaxe of freezing and wearing a +0 robe (almost destroyed, 100% to hit)
The magic dart hits the wight but does no damage.
The wight is almost destroyed.
The wight hits you with a +6 battleaxe of freezing!!
You die...

#..#..... #...... #.)..#
....... #.# ...... #.# ....#
#.# ....## .# #g# .....## #.#
#.# ......####.# #z#
...........#####@####
....................##########
...........##.......##.......#
....................##.......#
####.......##.......##.......#
#................##.......#
#.(.....##................#
###################.......#
#.......#


You could see a wight and a goblin.

Vanquished Creatures
  A steam dragon (D:5)
  Menkaure (D:5)
  A black bear (D:6)
  2 ogres (D:4)
  A kobold brigand (D:6)
  2 bullfrogs (D:6)
  2 scorpions
  A wight (D:7)
  3 killer bees (D:6)
  A howler monkey (D:6)
  2 hounds
  A gnoll bouda (D:5)
  A jelly (D:4)
  An orc priest (D:4)
  3 iguanas
  3 orc wizards
  7 gnolls
  7 adders
  A white imp (D:7)
  3 dart slugs
  2 orcs (D:6)
  6 bats
  3 endoplasms
  3 giant cockroaches
  9 goblins
  7 hobgoblins
  6 quokkas
  8 ball pythons
  5 frilled lizards
  6 kobolds
  3 rats
102 creatures vanquished.

Vanquished Creatures (collateral kills)
  Crazy Yiuf (D:2)
1 creature vanquished.

Grand Total: 103 creatures vanquished

Notes
Turn   | Place    | Note
-------+----------+-------------------------------------------
     0 | D:1      | pokeman the Deep Elf Hedge Wizard began the quest for the
                  | Orb.
     0 | D:1      | Reached XP level 1. HP: 10/10 MP: 7/7
   342 | D:1      | Reached XP level 2. HP: 15/15 MP: 5/9
   409 | D:1      | Found a faded altar of an unknown god.
  1477 | D:2      | Reached skill level 5 in Spellcasting
  1545 | D:2      | Reached XP level 3. HP: 20/20 MP: 8/11
  1549 | D:2      | Learned a level 3 spell: Mephitic Cloud
  1552 | D:2      | Learned a level 2 spell: Call Imp
  1555 | D:2      | Learned a level 2 spell: Blink
  1658 | D:2      | Found a runed translucent door.
  1659 | D:2      | Noticed Crazy Yiuf
  1968 | D:2      | Reached skill level 1 in Fighting
  1968 | D:2      | Reached skill level 1 in Armour
  2580 | D:2      | Killed Crazy Yiuf
  2581 | D:2      | Reached XP level 4. HP: 25/25 MP: 1/13
  3328 | D:3      | Found an ornate altar of the Wu Jian Council.
  3328 | D:3      | Found a sacrificial altar of Ru.
  3336 | D:3      | Found a hide-covered altar of Uskayaw.
  3338 | D:3      | Found a stormy altar of Qazlal.
  3340 | D:3      | Found a snail-covered altar of Cheibriados.
  3408 | D:3      | Found an opulent altar of Gozag.
  3496 | D:3      | Identified the +8 sling "Muades" {heavy, rF+}
  3862 | D:4      | Found a blossoming altar of Fedhas.
  3869 | D:4      | Reached skill level 6 in Spellcasting
  3869 | D:4      | Reached XP level 5. HP: 29/29 MP: 15/15
  3931 | D:4      | Found a burning altar of Makhleb.
  3968 | D:4      | Found an ancient bone altar of Kikubaaqudgha.
  4163 | D:4      | Found a bloodstained altar of Trog.
  4311 | D:4      | Noticed an ogre
  4317 | D:4      | Killed an ogre
  4318 | D:4      | Reached skill level 1 in Air Magic
  4318 | D:4      | Reached skill level 1 in Poison Magic
  4489 | D:5      | Entered Level 5 of the Dungeon
  4489 | D:5      | Noticed Menkaure
  4489 | D:5      | Noticed an ogre
  4501 | D:4      | Killed an ogre
  4502 | D:4      | Reached XP level 6. HP: 34/34 MP: 17/17
  4641 | D:5      | Reached skill level 7 in Spellcasting
  4797 | D:5      | Killed Menkaure
  4798 | D:5      | Reached XP level 7. HP: 34/39 MP: 18/20
  4954 | D:5      | Noticed a steam dragon
  4973 | D:5      | Killed a steam dragon
  4974 | D:5      | Reached skill level 8 in Spellcasting
  5698 | D:6      | Identified the +0 scale mail "Xofampavu" {Dex+3}
  5735 | D:6      | Reached XP level 8. HP: 44/44 MP: 22/22
  5803 | D:6      | Reached skill level 9 in Spellcasting
  5821 | D:6      | Learned a level 6 spell: Iron Shot
  5845 | D:6      | Reached skill level 1 in Earth Magic
  5845 | D:6      | Reached skill level 1 in Evocations
  5933 | D:6      | Reached skill level 5 in Conjurations
  6194 | D:7      | Slain by a wight

Illustrated notes

Levels and vault maps discovered:
D:1:      dpeg_arrival_houses_and_road, layout_loops_corners,
          ebering_ecumenical_altar_abandoned
D:2:      layout_loops_ring, uniq_crazy_yiuf_cottage
D:3:      layout_basic, chequers_temple_overflow_minitemple, grunt_gozag_statues
D:4:      layout_gridville, trog_book, mainiacjoe_overflow_large_starburst,
          kiku_gazebo_pond_becter
D:5:      layout_cave_pools, minmay_holes, hangedman_abyss_or_decor_stagger,
          hangedman_decor_diamond_cutter, uniq_menkaure
D:6:      layout_rooms
D:7:      layout_rooms, minmay_temple_entry_arrows, enter_bailey_5

Skill      XL: |  1  2  3  4  5  6  7  8 |
---------------+-------------------------+-----
Spellcasting   | 5 6 7 8 9 |  9.9
Fighting       | 1 2 |  2.2
Armour         | 1 2 |  2.5
Conjurations   | 2 3 4 5 |  5.2
Stealth        | 3 |  3.0
Dodging        | 3 |  3.0
Air Magic      | 1 |  1.0
Poison Magic   | 1 |  1.2
Summonings     | 2 3 4 |  4.3
Earth Magic    | 1 |  1.0
Evocations     | 1 |  1.0
Translocations | |  1.1

Action                     |  1- 3 |  4- 6 |  7- 9 || total
---------------------------+-------+-------+-------++-------
   Fire: Sling             |       |    23 |    48 ||    71
   Cast: Magic Dart        |    90 |    46 |    69 ||   205
         Call Imp          |     2 |       |     1 ||     3
         Mephitic Cloud    |     1 |     3 |     6 ||    10
         Blink             |       |     1 |       ||     1
 Armour: Robe              |     3 |     4 |     3 ||    10
  Dodge: Dodged            |     9 |    17 |    33 ||    59
         Repelled          |     1 |       |       ||     1

Table legend: (Time is in decaauts)
 A = Elapsed time spent in this place.
 B = Non-inter-level travel time spent in this place.
 C = Inter-level travel time spent in this place.
 D = Time resting spent in this place.
 E = Time spent auto-exploring this place.
 F = Levels seen in this place.
 G = Mean time per level.
                   A        B        C        D        E       F      G
               +--------+--------+--------+--------+--------+-----+--------+
         Total |   6272 |   5989 |    283 |    350 |   4856 |   7 |  896.0 |
       Dungeon |   6272 |   5989 |    283 |    350 |   4856 |   7 |  896.0 |
               +--------+--------+--------+--------+--------+-----+--------+

Top non-repeatable levels by time:
     D:2: 1510 daAuts
     D:1: 1262 daAuts
     D:4: 1019 daAuts
     D:3: 993 daAuts
     D:5: 853 daAuts
     D:6: 540 daAuts
     D:7: 93 daAuts
